 Dungeon Crawl Stone Soup version 0.30-a0-800-g7c544603b3 (webtiles) character file.

Game seed: 13655711669308993175

299 cheesebisquit the Chopper (level 6, -1/55 HPs)
             Began as a Hill Orc Fighter on Feb 22, 2023.
             Slain by a gnoll sergeant
             ... wielding a +2 spear of freezing
              (4 damage)
             ... on level 4 of the Dungeon.
             The game lasted 00:05:42 (2248 turns).

cheesebisquit the Chopper (Hill Orc Fighter)        Turns: 2248, Time: 00:05:42

Health: -1/55      AC: 10    Str: 21    XL:     6   Next: 36%
Magic:  6/6        EV:  9    Int:  8    God:
Gold:   111        SH:  4    Dex: 10    Spells: 5/5 levels left

rFire   . . .      SeeInvis .    a - +0 war axe
rCold   . . .      Faith    .    c - +0 buckler
rNeg    + . .      Spirit   .    b - +0 scale mail
rPois   .          Reflect  .    (no helmet)
rElec   .          Harm     .    l - +0 cloak
rCorr   .          Rampage  .    e - +0 pair of gloves
Will    .....                    s - +0 pair of boots Stlth
                                 (no amulet)
HPRegen 0.29/turn                j - ring of positive energy
MPRegen 0.10/turn                (no ring)

@: no status effects
A: no striking features
a: no special abilities


You were on level 4 of the Dungeon.
You visited 1 branch of the dungeon, and saw 4 of its levels.

You collected 111 gold pieces.

Inventory:

Hand Weapons
 a - a +0 war axe (weapon)
Armour
 b - a +0 scale mail (worn)
 c - a +0 buckler (worn)
 e - a +0 pair of gloves (worn)
 l - a +0 cloak (worn)
 s - a +0 pair of boots (worn)
Jewellery
 j - a ring of positive energy (left hand)
Scrolls
 h - 6 scrolls of identify {unknown}
 i - a scroll of fear {unknown}
 m - a scroll of enchant armour {unknown}
 o - 2 scrolls of amnesia {unknown}
 r - a scroll of poison {unknown}
Potions
 d - a potion of might
 f - a potion of curing {unknown}
 g - 2 potions of mutation {unknown}
 k - a potion of heal wounds {unknown}
 n - a potion of haste {unknown}
 p - 2 potions of flight {unknown}
 q - a potion of attraction {unknown}
 t - a potion of magic {unknown}
 u - a potion of resistance {unknown}


   Skills:
 + Level 4.8 Fighting
 * Level 5.8 Axes
 + Level 4.4 Armour
 + Level 4.5 Shields


You had 5 spell levels left.
You didn't know any spells.
Your spell library was empty.

Dungeon Overview and Level Annotations

Branches:
Dungeon (4/15)
 Temple: D:4-7

Altars:
Cheibriados
Hepliaklqana

Shops:
D:1 [


Message History

The gnoll is almost dead.
The gnoll completely misses you. The gnoll sergeant closely misses you.
The gnoll hits you with a +0 halberd!
You hit the gnoll but do no damage.
The gnoll is almost dead.
The gnoll sergeant hits you from afar with a +2 spear of freezing.
The gnoll sergeant freezes you. The gnoll hits you but does no damage.
You hear a splashing noise.
You slash the gnoll!
You kill the gnoll!
The gnoll sergeant hits you but does no damage.
The gnoll sergeant hits you from afar with a +2 spear of freezing.
The gnoll sergeant freezes you. You block the gnoll sergeant's attack.
Things that are here:
a +0 halberd; a gnoll corpse You hit the gnoll sergeant.
The gnoll sergeant is lightly wounded.
The gnoll sergeant hits you with a +2 spear of freezing.
The gnoll sergeant freezes you.
You hit the gnoll sergeant but do no damage.
The gnoll sergeant is lightly wounded.
The gnoll sergeant hits you but does no damage.
You closely miss the gnoll sergeant.
The gnoll sergeant is lightly wounded.
The gnoll sergeant hits you with a +2 spear of freezing.
The gnoll sergeant freezes you.
You slash the gnoll sergeant!
The gnoll sergeant is severely wounded.
The gnoll sergeant barely misses you.
You hit the gnoll sergeant but do no damage.
The gnoll sergeant is severely wounded.
The gnoll sergeant hits you with a +2 spear of freezing.
* * * LOW HITPOINT WARNING * * *
The gnoll sergeant freezes you.
* * * LOW HITPOINT WARNING * * *
The gnoll sergeant hits you with a +2 spear of freezing!
* * * LOW HITPOINT WARNING * * *
The gnoll sergeant freezes you.
You die...

#.#####.##P~...ggg....
#.......)..~P~.g......
..#####gg~~P♣♣P~P~....
#.# #.PJ♣♣♣♣♣~~P....
#.. #g.~♣ ♣~~P....
##.. #g)P♣♣♣ ♣♣~P#.#.
# ?.. #(.~~~♣♣ ~.....
#.$.##.####J#~PP~~~
.........@gg..##PPP
.#.###.####.#....[. #.
#.####### .. #.# #..
#.# #.. #.# ##. #.# #.
.#


You could see a gnoll sergeant, a gnoll and an endoplasm.

Vanquished Creatures
  Sigmund (D:2)
  Crazy Yiuf (D:2)
  4 gnolls
  2 adders (D:2)
  A worm (D:2)
  4 dart slugs
  7 endoplasms
  A giant cockroach (D:3)
  7 goblins
  5 hobgoblins
  3 jackals (D:1)
  8 kobolds
  2 quokkas
  4 ball pythons
  5 bats
  2 frilled lizards (D:2)
  A rat (D:2)
58 creatures vanquished.

Vanquished Creatures (others)
  A fungus (D:1)
  7 plants (D:4)
  4 toadstools (D:1)
12 creatures vanquished.

Grand Total: 70 creatures vanquished

Notes
Turn   | Place    | Note
-------+----------+-------------------------------------------
     0 | D:1      | cheesebisquit the Hill Orc Fighter began the quest for the
                  | Orb.
     0 | D:1      | Reached XP level 1. HP: 19/19 MP: 1/1
    55 | D:1      | Reached skill level 3 in Axes
    55 | D:1      | Reached XP level 2. HP: 26/27 MP: 2/2
    98 | D:1      | Reached XP level 3. HP: 32/33 MP: 3/3
   259 | D:1      | Found a faded altar of an unknown god.
   520 | D:1      | Found Soyhapsesm's Armour Boutique.
   834 | D:2      | Reached skill level 4 in Axes
   834 | D:2      | Reached XP level 4. HP: 40/40 MP: 4/4
   878 | D:2      | You fall into a shaft and drop 1 floor!
  1068 | D:2      | Noticed Sigmund
  1074 | D:2      | Killed Sigmund
  1075 | D:2      | Reached skill level 5 in Axes
  1075 | D:2      | Reached XP level 5. HP: 40/47 MP: 5/5
  1162 | D:2      | Found a runed translucent door.
  1163 | D:2      | Noticed Crazy Yiuf
  1170 | D:2      | Killed Crazy Yiuf
  1171 | D:2      | Reached XP level 6. HP: 52/55 MP: 6/6
  2012 | D:3      | Found a large runed translucent door.
  2100 | D:3      | Found a large runed translucent door.
  2110 | D:3      | Found a hazy altar of Hepliaklqana.
  2117 | D:3      | Found a snail-covered altar of Cheibriados.
  2248 | D:4      | Slain by a gnoll sergeant

Illustrated notes

Levels and vault maps discovered:
D:1:      ldierk_walled_garden_2, layout_basic, serial_shops, shop,
          shapermc_ecumenical_altar_acropolis
D:2:      layout_basic, uniq_crazy_yiuf_cottage, uniq_sigmund
D:3:      layout_rooms, jmf_multi_god_temple2
D:4:      layout_rooms, old_standard_altar, minitemple, serial_bayou_pond_c

Skill      XL: |  1  2  3  4 |
---------------+-------------+-----
Axes           | 3 4 5 |  5.8
Fighting       | 4 |  4.8
Armour         | 4 |  4.4
Shields        | 4 |  4.5

Action                     |  1- 3 |  4- 6 || total
---------------------------+-------+-------++-------
  Melee: War axe           |    90 |    64 ||   154
    Use: Potion            |       |     1 ||     1
 Armour: Scale mail        |    42 |    26 ||    68
  Dodge: Dodged            |    43 |    30 ||    73
  Block: Buckler           |    25 |    20 ||    45

Table legend: (Time is in decaauts)
 A = Elapsed time spent in this place.
 B = Non-inter-level travel time spent in this place.
 C = Inter-level travel time spent in this place.
 D = Time resting spent in this place.
 E = Time spent auto-exploring this place.
 F = Levels seen in this place.
 G = Mean time per level.
                   A        B        C        D        E       F      G
               +--------+--------+--------+--------+--------+-----+--------+
         Total |   2298 |   2069 |    229 |      0 |   1616 |   4 |  574.5 |
       Dungeon |   2298 |   2069 |    229 |      0 |   1616 |   4 |  574.5 |
               +--------+--------+--------+--------+--------+-----+--------+

Top non-repeatable levels by time:
     D:2: 1038 daAuts
     D:1: 663 daAuts
     D:3: 518 daAuts
     D:4: 78 daAuts
